 Dungeon Crawl Stone Soup version 0.16.2-12-gd0ad4c3 (webtiles) character file.

311 HAWKINGL3623 the Slasher (level 6, -2/52 HPs)
             Began as a Demonspawn Berserker on Jan 12, 2016.
             Was an Elder of Trog.
             Succumbed to kobold's curare-tipped needle
             ... in a sewer.
             The game lasted 00:11:19 (3114 turns).

HAWKINGL3623 the Slasher (Demonspawn Berserker)     Turns: 3114, Time: 00:11:19

Health: -2/52      AC: 10    Str: 18    XL:     6   Next: 18%
Magic:  6/6        EV: 10    Int:  6    God:    Trog [****..]
Gold:   132        SH:  0    Dex: 14    Spells: 0 memorised, 5 levels left

rFire  . . .     SeeInvis .     l - +0 hand axe (elec)
rCold  . . .     Clarity  .     e - +1 chain mail
rNeg   . . .     SustAb   .     (no shield)
rPois  .         Gourm    .     (no helmet)
rElec  .         Spirit   .     (no cloak)
rCorr  .         Warding  .     (no gloves)
rMut   .         Stasis   .     (no boots)
MR     .....                    (no amulet)
Stlth  ..........               (no ring)
                                (no ring)

@: lethally poisoned (-2 -> -28), short of breath, slowed, very slow, not
resistant to hostile enchantments, extremely unstealthy
A: repulsion field 1, dopey 1, powered by death 1, robust 1
a: Burn Spellbooks, Berserk, Trog's Hand, Brothers in Arms, Renounce Religion


You were in a sewer.
You worshipped Trog.
Trog was greatly pleased with you.
You were hungry.

You visited 1 branch of the dungeon, and saw 3 of its levels.
You also visited: Sewer.

You collected 132 gold pieces.

Inventory:

Hand weapons
 a - a +2 falchion
 l - a +0 hand axe of electrocution (weapon)
Missiles
 i - 3 tomahawks (quivered)
Armour
 b - a +0 animal skin
 e - a +1 chain mail (worn)
Scrolls
 j - a scroll of identify
 m - 3 scrolls of blinking
 n - a scroll of teleportation
Comestibles
 c - a bread ration
 d - 6 fruits
 f - 5 meat rations
 g - a beef jerky


   Skills:
 + Level 4.2 Fighting
 + Level 4.3 Long Blades
 + Level 3.2 Armour
 + Level 2.9 Dodging


You had 5 spell levels left.
You didn't know any spells.

Dungeon Overview and Level Annotations

Branches:
Dungeon (3/15)

Altars:
Elyvilon
Sif Muna


Innate Abilities, Weirdness & Mutations

You are surrounded by a mild repulsion field (EV +2).
You can steal the life force of nearby defeated enemies.
You are dopey. (Int -2)
You are robust (+10% HP).


Message History

You feel very sick.
The kobold unwields an uncursed blowgun.
The kobold splashes around in the water. x2
Drink which item? (? for menu, Esc to quit)
It was a potion of mutation.
You feel extremely strange.
You feel robust.
You feel stupid.
* * * LOW HITPOINT WARNING * * *
You feel very sick. The kobold barely misses you. The kobold hits you.
* * * LOW HITPOINT WARNING * * *
Your unstable footing causes you to fumble your attack.
* * * LOW HITPOINT WARNING * * *
You feel very sick. The kobold barely misses you.
You closely miss the kobold.
* * * LOW HITPOINT WARNING * * *
You feel very sick. The kobold barely misses you.
The kobold hits you but does no damage.
Your unstable footing causes you to fumble your attack.
You die...

##≈≈≈≈#≈#≈≈# ≈≈≈≈≈≈≈≈
##≈≈≈≈≈#≈#≈≈# ≈≈≈≈≈≈≈≈≈
#≈≈≈≈≈≈#≈#..### ≈≈≈≈≈≈≈≈≈
##≈≈≈..≈#≈#..#≈# ≈≈≈≈≈≈≈≈≈
#.≈.≈∩∩≈P...##≈########≈≈≈≈≈≈≈≈
#.....≈≈≈.####≈#≈≈≈≈≈≈≈≈≈≈≈≈≈≈≈
#≈.P##########≈########.≈≈≈≈≈≈≈
#PP.≈≈≈≈≈≈≈≈≈#K.# #..≈≈≈≈≈≈≈
#.P)##########@# ##.≈≈≈≈≈≈≈≈
#≈≈.≈≈.# #(# #....≈≈≈≈≈≈
##.≈≈..### #(# ###..≈.≈≈≈≈≈≈
#.≈...≈.#####≈# #...≈≈≈≈≈≈≈≈≈
#.....≈≈...##≈####.≈≈≈.≈≈≈≈≈≈≈
#≈.≈≈#≈#...≈#(##≈..≈.≈≈≈≈≈≈≈≈≈
#P≈≈..#≈#≈≈≈≈..≈..≈...P########
#P.≈..#≈#≈≈..≈≈.≈≈≈≈..≈P≈≈≈≈≈ ≈
#.PP≈≈#≈#..P.....≈≈...P########


You could see a kobold.

Vanquished Creatures
  An ogre (D:1)
  2 orc wizards (D:3)
  7 adders
  2 giant mites (D:3)
  2 worms
  5 giant geckos
  An ooze (D:2)
  3 orcs (D:3)
  6 ball pythons
  5 bats
  2 giant cockroaches
  6 goblins
  6 hobgoblins
  9 jackals
  10 kobolds
  2 quokkas
  3 giant newts
  16 rats
  2 plants (Sewer)
90 creatures vanquished.

Vanquished Creatures (others)
  A giant cockroach (D:3)
1 creature vanquished.

Grand Total: 91 creatures vanquished

Notes
Turn   | Place    | Note
--------------------------------------------------------------
     0 | D:1      | HAWKINGL3623, the Demonspawn Berserker, began the quest for the Orb.
     0 | D:1      | Reached XP level 1. HP: 18/18 MP: 1/1
   370 | D:1      | Gained mutation: You are surrounded by a mild repulsion field (EV +2). [demonic ancestry]
   370 | D:1      | Reached XP level 2. HP: 21/24 MP: 2/2
   660 | D:1      | Acquired Trog's second power
   959 | D:1      | Noticed an ogre
   970 | D:1      | Killed an ogre
   970 | D:1      | Gained mutation: You can steal the life force of nearby defeated enemies. [demonic ancestry]
   970 | D:1      | Reached XP level 3. HP: 23/30 MP: 3/3
   970 | D:1      | Reached XP level 4. HP: 28/37 MP: 4/4
  1531 | D:2      | Reached XP level 5. HP: 37/42 MP: 5/5
  1867 | D:2      | Reached skill level 4 in Long Blades
  2102 | D:2      | Found a deep blue altar of Sif Muna.
  2365 | D:3      | Found a white marble altar of Elyvilon.
  2468 | D:3      | Reached XP level 6. HP: 48/48 MP: 6/6
  2685 | D:3      | Found a glowing drain.
  2696 | Sewer    | Entered a sewer
  2827 | Sewer    | Acquired Trog's third power
  3111 | Sewer    | Gained mutation: You are robust (+10% HP). [potion of mutation]
  3111 | Sewer    | Gained mutation: You are dopey. (Int -2) [potion of mutation]
  3113 | Sewer    | HP: 1/52 [poisoned by kobold (curare-tipped needle)]
  3114 | Sewer    | Succumbed to kobold's curare-tipped needle

Action                   |  1- 3 |  4- 6 || total
-------------------------+-------+-------++-------
Melee: Falchion          |   105 |   158 ||   263
       Hand axe          |       |   113 ||   113
Invok: Berserk           |     1 |     1 ||     2
  Use: Potion            |     1 |     3 ||     4
       Scroll            |       |     8 ||     8
  Eat: Fruit             |       |     2 ||     2
       Chunk             |       |     3 ||     3
       Bread ration      |       |     1 ||     1
